 Dungeon Crawl Stone Soup version 0.28.0 (webtiles) character file.

Game seed: 820305948288710817

371 Sanktem7 the Covered (level 6, -6/56 HPs)
             Began as a Minotaur Fighter on Feb 15, 2022.
             Mangled by Duvessa (7 damage)
             ... on level 4 of the Dungeon.
             The game lasted 00:04:18 (3380 turns).

Sanktem7 the Covered (Minotaur Fighter)             Turns: 3380, Time: 00:04:18

Health: -6/56      AC: 11    Str: 23    XL:     6   Next: 42%
Magic:  5/5        EV:  8    Int:  5    God:
Gold:   108        SH:  5    Dex: 15    Spells: 5/5 levels left

rFire   . . .      SeeInvis .   a - +0 war axe
rCold   . . .      Faith    .   c - +0 buckler
rNeg    . . .      Spirit   .   o - +0 chain mail
rPois   .          Reflect  .   (helmet restricted)
rElec   .          Harm     .   k - scarf {repulsion}
rCorr   .          Rampage  .   e - +0 pair of gloves
Will    .....                   (no boots)
Stlth   ..........              (no amulet)
HPRegen 0.18/turn               j - +6 ring of dexterity
MPRegen 0.09/turn               (no ring)

@: repel missiles
A: horns 2, retaliatory headbutt
a: no special abilities


You were on level 4 of the Dungeon.
You visited 1 branch of the dungeon, and saw 4 of its levels.

You collected 108 gold pieces.

Inventory:

Hand Weapons
 a - a +0 war axe (weapon)
Missiles
 h - 5 boomerangs (quivered)
Armour
 b - a +0 scale mail
 c - a +0 buckler (worn)
 e - a +0 pair of gloves (worn)
 k - a scarf of repulsion (worn)
 n - a +0 cloak
 o - a +0 chain mail (worn)
Jewellery
 j - a +6 ring of dexterity (left hand)
Wands
 l - a wand of acid (9)
Scrolls
 f - a scroll of magic mapping {unknown}
 i - 3 scrolls of identify {unknown}
 p - a scroll of blinking {unknown}
Potions
 d - a potion of might
 g - a potion of degeneration {unknown}
 m - a potion of curing {unknown}


   Skills:
 * Level 5.0 Fighting
 * Level 5.7 Axes
 * Level 5.8 Armour
 + Level 1.1 Dodging
 - Level 3.6 Shields


You had 5 spell levels left.
You didn't know any spells.
Your spell library was empty.

Dungeon Overview and Level Annotations

Branches:
Dungeon (4/15)
 Temple: D:4-7

Altars:

Shops:
D:3 :

Annotations:
D:4 Duvessa


Innate Abilities, Weirdness & Mutations

You have a pair of horns on your head.
You reflexively headbutt those who attack you in melee.


Message History

Ijyb hits you with a +0 dagger.
You hit Dowan but do no damage. Your headbutt misses Dowan.
Dowan is heavily wounded.
You hit Ijyb. You closely miss Duvessa. Dowan gestures at you while chanting.
You resist with some effort. Duvessa hits you with a +0 short sword.
* * * LOW HITPOINT WARNING * * *
Ijyb screams, "Me stronger than you!" Ijyb hits you but does no damage.
Dowan closely misses you. Duvessa hits you but does no damage.
You block Ijyb's attack.
Dowan says, "Stay away from my face!"
Duvessa hits you with a +0 short sword.
* * * LOW HITPOINT WARNING * * *
Ijyb screams, "Me kill you!" You block Duvessa's attack.
You hit Duvessa but do no damage. You headbutt Duvessa.
Duvessa is severely wounded.
Duvessa hits you but does no damage. Ijyb hits you but does no damage.
Duvessa completely misses you.
You barely miss Dowan. You headbutt Dowan.
Dowan is severely wounded.
You closely miss Duvessa. You hit Ijyb but do no damage.
Duvessa closely misses you. You furiously retaliate!
You headbutt Duvessa. Dowan barely misses you. Ijyb barely misses you.
Duvessa barely misses you. You furiously retaliate!
You headbutt Duvessa, but do no damage. Dowan hits you but does no damage.
You slash Dowan!
You kill Dowan!
Duvessa screams, "No!
How DARE you!"
Duvessa goes berserk!
You hit Duvessa but do no damage. You slash Ijyb!
You kill Ijyb!
You block Duvessa's attack. Duvessa hits you with a +0 short sword!
* * * LOW HITPOINT WARNING * * *
Your Fighting skill increases to level 5!
You barely miss Duvessa. You headbutt Duvessa, but do no damage.
Duvessa is severely wounded.
Duvessa is no longer unusually resistant.
Duvessa hits you with a +0 short sword!
You die...

#.#.....## .......###
#...#.##.. .........#
#......... .........#
##.#.#....# .........
#..(.#..... .........
#[#.#....#. ........#
#...#..#...
........#########..#...#.#.
......†..)@........#.#...#.
#......##.)e......#..#.....
##..... ########.)#........
###..# #....######## ###
##...# # ###.# # #.# # #.#
# ##.## #


You could see Duvessa (berserk, fast).

Vanquished Creatures
  A phantom (D:4)
  Dowan (D:4)
  A hound (D:4)
  A bullfrog skeleton (D:3)
  Ijyb (D:4)
  An orc wizard (D:4)
  3 adders (D:2)
  4 gnolls (D:3)
  A worm (D:2)
  2 dart slugs (D:3)
  4 orcs (D:4)
  8 endoplasms
  2 giant cockroaches (D:1)
  9 goblins
  8 hobgoblins
  A quokka (D:3)
  4 ball pythons
  A bat (D:2)
  2 frilled lizards
  11 kobolds
  5 rats
71 creatures vanquished.

Notes
Turn   | Place    | Note
-------+----------+-------------------------------------------
     0 | D:1      | Sanktem7 the Minotaur Fighter began the quest for the Orb.
     0 | D:1      | Reached XP level 1. HP: 19/19 MP: 0/0
   376 | D:1      | Reached XP level 2. HP: 25/27 MP: 1/1
   993 | D:2      | Reached XP level 3. HP: 24/33 MP: 2/2
  1356 | D:2      | Found a faded altar of an unknown god.
  1651 | D:2      | Reached XP level 4. HP: 37/40 MP: 3/3
  2048 | D:3      | Reached skill level 5 in Armour
  2196 | D:3      | Found Roown's Book Boutique.
  2399 | D:3      | Reached XP level 5. HP: 24/47 MP: 4/4
  3004 | D:4      | Noticed a phantom
  3016 | D:4      | Killed a phantom
  3017 | D:4      | Reached skill level 5 in Axes
  3115 | D:4      | Reached XP level 6. HP: 43/55 MP: 5/5
  3269 | D:4      | Reached skill level 1 in Dodging
  3359 | D:4      | Noticed Ijyb
  3359 | D:4      | Noticed Dowan
  3359 | D:4      | Noticed Duvessa
  3379 | D:4      | Killed Dowan
  3379 | D:4      | Killed Ijyb
  3379 | D:4      | HP: 1/55 [Duvessa (9)]
  3380 | D:4      | Reached skill level 5 in Fighting
  3380 | D:4      | Mangled by Duvessa

Illustrated notes

Levels and vault maps discovered:
D:1:      amcnicky_arrival_blooded_trapdoor, layout_loops_ring, serial_rivers,
          chequers_serial_rivers_micro_b, chequers_serial_rivers_room_a,
          chequers_serial_rivers_micro_b, chequers_serial_rivers_small_a,
          chequers_serial_rivers_large_b, chequers_serial_rivers_micro_d
D:2:      layout_loops_ring, basic_ecumenical_altar
D:3:      layout_basic, serial_shops, nicolae_shop_statue_plus,
          minmay_misc_feat_columns
D:4:      layout_cave_pods, minmay_temple_entry_glassed_door,
          hangedman_decor_peaks_small, uniq_edmund, uniq_duvessa, uniq_ijyb

Skill      XL: |  1  2  3  4  5  6 |
---------------+-------------------+-----
Armour         | 4 5 |  5.8
Fighting       | 4 5 |  5.0
Axes           | 3 4 5 |  5.7
Dodging        | 1 |  1.1
Shields        | |  3.6

Action                   |  1- 3 |  4- 6 || total
-------------------------+-------+-------++-------
Melee: War axe           |    81 |   112 ||   193
       Headbutt          |     9 |    19 ||    28
Armor: Scale mail        |    32 |    52 ||    84
       Chain mail        |       |    20 ||    20
Dodge: Dodged            |    31 |    56 ||    87
Block: Buckler           |    16 |    24 ||    40
